 Dungeon Sprint DCSS version 0.20.1-1-g8b1a95d (webtiles) character file.

431 juspike the Spear-Bearer (level 6, -3/102 HPs)
             Began as a Minotaur Berserker on Oct 13, 2017.
             Was a Believer of Trog.
             Slain by Sonja
             ... wielding a +0 short sword of distortion
              (4 damage)
             ... in the Dungeon (Sprint I: "Red Sonja").
             The game lasted 00:03:51 (543 turns).

juspike the Spear-Bearer (Minotaur Berserker)        Turns: 543, Time: 00:03:53

Health: -3/102     AC:  6    Str: 28    XL:     6   Next: 66%
Magic:  5/5        EV: 14    Int:  4    God:    Trog [**....]
Gold:   297        SH:  0    Dex: 10    Spells: 5/5 levels left

rFire    + . .     SeeInvis .   m - +0 scythe
rCold    . . .     Gourm    .   (shield currently unavailable)
rNeg     . . .     Faith    .   k - +3 leather armour {rF+}
rPois    .         Spirit   .   (helmet restricted)
rElec    .         Reflect  .   (no cloak)
rCorr    .         Harm     .   (no gloves)
MR       .....     NoTele   +   (no boots)
Stlth    ..........             (no amulet)
Regen    0.3/turn               (no ring)
MPRegen  0.1/turn               (no ring)

@: berserking (expiring), lethally poisoned (-3 -> -46), slowed
A: retaliatory headbutt, horns 2
a: Berserk, Trog's Hand, Burn Spellbooks, Renounce Religion


You were in the Dungeon.
You worshipped Trog.
Trog was pleased with you.
You were hungry.

You visited 1 branch You collected 297 gold pieces.

Inventory:

Hand Weapons
 a - a +0 spear
 m - a +0 scythe (weapon)
Armour
 b - a +0 animal skin
 k - a +3 leather armour of fire resistance (worn)
Wands
 j - a wand of flame (24/48)
Scrolls
 i - a scroll of blinking
Potions
 d - a potion of curing
 e - a potion of heal wounds
 f - a potion of haste
 g - 2 potions of magic
 h - a potion of berserk rage
Comestibles
 c - 2 bread rations
 l - a chunk of flesh
 n - a royal jelly


   Skills:
 + Level 11.0 Fighting
 + Level 11.2 Polearms
 + Level 5.9 Armour
 + Level 6.1 Dodging


You had 5 spell levels left.
You didn't know any spells.

Dungeon Overview and Level Annotations

Branches:
Dungeon (1/1)

Altars:
Cheibriados
Dithmenos
Elyvilon
Fedhas
Gozag
Hepliaklqana
Kikubaaqudgha
Nemelex Xobeh
Okawaru
Qazlal
Ru
Sif Muna
Trog
Uskayaw
Vehumet
Yredelemnul
Zin
The Shining One

Shops:
D (

Annotations:
D Sonja


Innate Abilities, Weirdness & Mutations

You reflexively headbutt those who attack you in melee.
You have a pair of horns on your head.


Message History

Space bends around you.
Sonja hits you with an uncursed short sword of distortion.
You feel a strange sense of stasis. Sonja hits you but does no damage.
Space warps horribly around you!
* * * LOW HITPOINT WARNING * * *
Sonja barely misses you.
You miss Sonja. Your headbutt misses Sonja.
Sonja is heavily wounded.
* * * LOW HITPOINT WARNING * * *
You feel very sick. Sonja hits you but does no damage. Space bends around you.
* * * LOW HITPOINT WARNING * * *
Sonja hits you with an uncursed short sword of distortion.
* * * LOW HITPOINT WARNING * * *
Space bends around you.
* * * LOW HITPOINT WARNING * * *
Sonja hits you but does no damage. Space warps horribly around you!
* * * LOW HITPOINT WARNING * * *
Sonja hits you but does no damage. Space bends around you.
You die...

################
#<.#..)..#..'..#
#..'..#..'[.#..+
#..#####'#####'#
#..####..#...#.#
#..#__####..##.#
#..#_____##K#..+
#⌠⌠#_.∩...'@(._#
####_..__##_(#+#
#_____###'#
####### #.# $.$
$.$# ##.## #+#


You could see Sonja.

Vanquished Creatures
  Sigmund (D)
  A yak (D)
  An ogre (D)
  A jelly (D)
  Ijyb (D)
5 creatures vanquished.

Vanquished Creatures (others)
  A gargoyle (D)
1 creature vanquished.

Grand Total: 6 creatures vanquished

Notes
Turn   | Place    | Note
-------+----------+-------------------------------------------
     0 | D        | juspike the Minotaur Berserker began the quest for the Orb.
     0 | D        | Reached XP level 1. HP: 19/19 MP: 0/0
     1 | D        | Noticed Ijyb
    15 | D        | Killed Ijyb
    15 | D        | Reached skill level 5 in Fighting
    15 | D        | Reached skill level 5 in Polearms
    15 | D        | Reached XP level 2. HP: 6/30 MP: 1/1
    70 | D        | Killed a gargoyle
   263 | D        | Noticed an ogre
   267 | D        | Killed an ogre
   267 | D        | Reached XP level 3. HP: 40/40 MP: 2/2
   267 | D        | Reached XP level 4. HP: 48/48 MP: 3/3
   321 | D        | Noticed Sigmund
   330 | D        | Killed Sigmund
   330 | D        | Reached ** piety under Trog
   330 | D        | Reached skill level 5 in Armour
   330 | D        | Reached skill level 5 in Dodging
   330 | D        | Reached XP level 5. HP: 58/58 MP: 4/4
   409 | D        | Found a deep blue altar of Sif Muna.
   411 | D        | Found a radiant altar of Vehumet.
   414 | D        | Reached skill level 10 in Fighting
   414 | D        | Reached skill level 10 in Polearms
   414 | D        | Reached XP level 6. HP: 66/66 MP: 5/5
   477 | D        | Found Xilim's Weapon Emporium.
   477 | D        | Found an ancient bone altar of Kikubaaqudgha.
   477 | D        | Found a hazy altar of Hepliaklqana.
   477 | D        | Found a stormy altar of Qazlal.
   477 | D        | Found a hide-covered altar of Uskayaw.
   477 | D        | Found a blossoming altar of Fedhas.
   477 | D        | Found a bloodstained altar of Trog.
   477 | D        | Found an iron altar of Okawaru.
   477 | D        | Found a basalt altar of Yredelemnul.
   477 | D        | Found a glowing golden altar of the Shining One.
   477 | D        | Found a snail-covered altar of Cheibriados.
   477 | D        | Found a sacrificial altar of Ru.
   477 | D        | Found a glowing silver altar of Zin.
   477 | D        | Found a shadowy altar of Dithmenos.
   477 | D        | Found a white marble altar of Elyvilon.
   477 | D        | Noticed a yak
   481 | D        | Killed a yak
   482 | D        | Found an opulent altar of Gozag.
   486 | D        | Found a sparkling altar of Nemelex Xobeh.
   537 | D        | Noticed Sonja
   543 | D        | HP: 1/102 [Sonja/uncursed short sword of distortion (6)]
   543 | D        | Slain by Sonja

Skill      XL: |  1  2  3  4  5  6 |
---------------+-------------------+-----
Fighting       | 5 7 9 10 11 | 11.0
Polearms       | 5 7 9 10 11 | 11.2
Armour         | 3 4 5 |  5.9
Dodging        | 3 4 5 6 |  6.1

Action                   |  1- 3 |  4- 6 || total
-------------------------+-------+-------++-------
Melee: Spear             |    15 |     8 ||    23
       Headbutt          |     1 |     1 ||     2
       Scythe            |       |     8 ||     8
Invok: Berserk           |     2 |     4 ||     6
  Eat: Chunk             |       |     3 ||     3
Armor: Leather armour    |       |     3 ||     3
Dodge: Dodged            |     2 |    10 ||    12
